AA
SAN FRANCISCO SEALS @ BLOOMINGTON CARDINALS
04/20/2060
 
TOP OF THE 1ST
San Francisco Seals batting - Pitching for Bloomington Cardinals : RHP Jovan Burrow
Pitching: RHP Jovan Burrow
Batting: RHB Kyle Phipps 0-0: Called Strike
0-1: Ground out 6-3 (Groundball, 6, EV 102.5 MPH)
Batting: RHB Jarod Henderson 0-0: Ball
1-0: Ground out 5-3 (Groundball, 5L, EV 109.4 MPH)
Batting: RHB Landon Dyer 0-0: Called Strike
0-1: Ball
1-1: Swinging Strike
1-2: Ball
2-2: Ball
3-2: Strikes out looking
Top of the 1st over - 0 runs, 0 hits, 0 errors, 0 left on base; San Francisco 0 - Bloomington 0
BOTTOM OF THE 1ST
Bloomington Cardinals batting - Pitching for San Francisco Seals : RHP Algernon Khair al Din
Pitching: RHP Algernon Khair al Din
Batting: RHB Davey Eastman 0-0: Foul Ball, location: 2F
0-1: Ball
1-1: Foul Ball, location: 2F
1-2: Ball
2-2: Foul Ball, location: 2F
2-2: Ball
3-2: SINGLE (Line Drive, 78M, EV 105.0 MPH)
Batting: RHB Mackey Tapia 0-0: Ball
1-0: Ball
2-0: Ball
3-0: Base on Balls
Davey Eastman to second
Batting: RHB Marlon Anderson 0-0: Foul Ball, location: 2F
0-1: Ball
1-1: Ball
2-1: SINGLE (Line Drive, 89S, EV 94.4 MPH)
Davey Eastman to third
Mackey Tapia to second
Runner from 3rd tries for Home, SAFE, throw by CF to home
Batting: LHB Brett Gesell 0-0: SINGLE (Groundball, 56D, EV 95.0 MPH)
Mackey Tapia to third
Marlon Anderson to second
Batting: RHB Chandler Frazee 0-0: Reached on error, E5 (Groundball, 56, EV 84.4 MPH)
Mackey Tapia scores
Marlon Anderson to third
Brett Gesell to second
Batting: SHB Davin Baker 0-0: Ball
1-0: Swinging Strike
1-1: Ball
2-1: Swinging Strike
2-2: Fielders Choice at 2nd, 6-4 (Groundball, 6M, EV 90.0 MPH)
Marlon Anderson scores
Brett Gesell to third
Batting: RHB Jaylen House 0-0: SINGLE (Groundball, 56S, EV 70.6 MPH) (infield hit)
Brett Gesell scores
Davin Baker to second
Batting: LHB Kendall Loflin 0-0: Ball
1-0: Called Strike
1-1: Called Strike
1-2: Strikes out swinging
Batting: SHB Weston Borron 0-0: Ball
1-0: Fly out, F8 (Flyball, 78M, EV 90.6 MPH)
Bottom of the 1st over - 4 runs, 4 hits, 1 error, 2 left on base; San Francisco 0 - Bloomington 4
TOP OF THE 2ND
San Francisco Seals batting - Pitching for Bloomington Cardinals : RHP Jovan Burrow
Batting: LHB Kurtis Schell 0-0: Called Strike
0-1: Foul Ball, location: 2F
0-2: Ball
1-2: Ball
2-2: Strikes out swinging
Batting: LHB Walt Barefoot 0-0: Ball
1-0: Called Strike
1-1: Swinging Strike
1-2: Strikes out swinging
Batting: RHB Micah Elliott 0-0: Called Strike
0-1: Swinging Strike
0-2: Ball
1-2: Ball
2-2: Fly out, F5 (Popup, 5SF, EV 84.4 MPH)
Top of the 2nd over - 0 runs, 0 hits, 0 errors, 0 left on base; San Francisco 0 - Bloomington 4
BOTTOM OF THE 2ND
Bloomington Cardinals batting - Pitching for San Francisco Seals : RHP Algernon Khair al Din
Batting: RHB Davey Eastman 0-0: Swinging Strike
0-1: Ball
1-1: Ball
2-1: Swinging Strike
2-2: Strikes out looking
Batting: RHB Mackey Tapia 0-0: Called Strike
0-1: Foul Ball, location: 2F
0-2: DOUBLE (Line Drive, 78D, EV 108.8 MPH)
Batting: RHB Marlon Anderson 0-0: Called Strike
0-1: Swinging Strike
0-2: Ball
1-2: SINGLE (Groundball, 6MD, EV 109.4 MPH)
Mackey Tapia to third
Runner from 3rd tries for Home, SAFE, throw by CF to home
Batting: LHB Brett Gesell 0-0: Called Strike
0-1: Foul Ball, location: 2F
0-2: Foul Ball, location: 2F
0-2: Strikes out swinging
Batting: RHB Chandler Frazee 0-0: Foul Ball, location: 2F
0-1: Fly out, F5 (Popup, 56S, EV 88.8 MPH)
Bottom of the 2nd over - 1 run, 2 hits, 0 errors, 1 left on base; San Francisco 0 - Bloomington 5
TOP OF THE 3RD
San Francisco Seals batting - Pitching for Bloomington Cardinals : RHP Jovan Burrow
Batting: LHB Brian Kohman 0-0: Foul Ball, location: 2F
0-1: Ball
1-1: Swinging Strike
1-2: Ball
2-2: Strikes out swinging
Batting: RHB Nic Muth 0-0: Swinging Strike
0-1: Foul Ball, location: 2F
0-2: Fly out, F9 (Line Drive, 9LM, EV 87.5 MPH)
Batting: RHB Cameron Allen 0-0: Reached on error, E6 (Groundball, 6, EV 80.6 MPH)
Batting: RHB Kyle Phipps 0-0: Ball
1-0: Ball
2-0: Called Strike
2-1: Foul Ball, location: 2F
2-2: Foul Ball, location: 2F
2-2: Strikes out swinging
Top of the 3rd over - 0 runs, 0 hits, 1 error, 1 left on base; San Francisco 0 - Bloomington 5
BOTTOM OF THE 3RD
Bloomington Cardinals batting - Pitching for San Francisco Seals : RHP Algernon Khair al Din
Batting: SHB Davin Baker 0-0: Ball
1-0: Called Strike
1-1: Swinging Strike
1-2: Fly out, F8 (Flyball, 8RXD, EV 105.6 MPH)
Batting: RHB Jaylen House 0-0: Swinging Strike
0-1: Ball
1-1: Swinging Strike
1-2: Ball
2-2: Foul Ball, location: 2F
2-2: TRIPLE (Groundball, 3L, EV 101.2 MPH)
Pitching: RHP Branden Larsen
Batting: LHB Kendall Loflin 0-0: Called Strike
0-1: Ball
1-1: Called Strike
1-2: SINGLE (Groundball, 34D, EV 104.4 MPH)
Jaylen House scores
Batting: SHB Weston Borron 0-0: Ball
1-0: Foul Ball, location: 2F
1-1: Fielders Choice at 2nd, 4-6 (Groundball, 4D, EV 102.5 MPH)
Batting: RHB Davey Eastman 0-0: Ball
Weston Borron is caught stealing 2nd base 2-4
Bottom of the 3rd over - 1 run, 2 hits, 0 errors, 0 left on base; San Francisco 0 - Bloomington 6
TOP OF THE 4TH
San Francisco Seals batting - Pitching for Bloomington Cardinals : RHP Jovan Burrow
Batting: RHB Jarod Henderson 0-0: Ball
1-0: Called Strike
1-1: Foul Ball, location: 2F
1-2: Ground out 1-3 (Groundball, P, EV 68.1 MPH)
Batting: RHB Landon Dyer 0-0: Ball
1-0: Ball
2-0: Foul Ball, location: 2F
2-1: Swinging Strike
2-2: Ball
3-2: Base on Balls
Batting: LHB Kurtis Schell 0-0: Ball
1-0: 2-RUN HOME RUN (Flyball, 9D, EV 96.9 MPH), Distance : 374 ft
Batting: LHB Walt Barefoot 0-0: Fly out, F8 (Flyball, 8LXD, EV 104.4 MPH)
Batting: RHB Micah Elliott 0-0: SINGLE (Groundball, 34D, EV 101.2 MPH)
Batting: LHB Brian Kohman 0-0: Ball
1-0: Foul Ball, location: 2F
1-1: Ball
2-1: Foul Ball, location: 2F
2-2: Foul Ball, location: 2F
2-2: Strikes out swinging
Top of the 4th over - 2 runs, 2 hits, 0 errors, 1 left on base; San Francisco 2 - Bloomington 6
BOTTOM OF THE 4TH
Bloomington Cardinals batting - Pitching for San Francisco Seals : RHP Branden Larsen
Batting: RHB Davey Eastman 0-0: Ball
1-0: Fly out, F9 (Flyball, 9, EV 90.6 MPH)
Batting: RHB Mackey Tapia 0-0: Ball
1-0: Ball
2-0: Foul Ball, location: 2F
2-1: Called Strike
2-2: Ball
3-2: Base on Balls
Batting: RHB Marlon Anderson 0-0: Ball
1-0: Ball
2-0: Foul Ball, location: 2F
2-1: Fly out, F3 (Popup, 3SF, EV 73.1 MPH)
Batting: LHB Brett Gesell 0-0: Called Strike
Mackey Tapia steals 2nd base
0-1: Ball
1-1: Swinging Strike
1-2: Strikes out swinging
Bottom of the 4th over - 0 runs, 0 hits, 0 errors, 1 left on base; San Francisco 2 - Bloomington 6
TOP OF THE 5TH
San Francisco Seals batting - Pitching for Bloomington Cardinals : RHP Jovan Burrow
Batting: RHB Nic Muth 0-0: Foul Ball, location: 2F
0-1: Ball
1-1: Fly out, F9 (Line Drive, 9, EV 88.8 MPH)
Batting: RHB Cameron Allen 0-0: Called Strike
0-1: Swinging Strike
0-2: Strikes out swinging
Batting: RHB Kyle Phipps 0-0: Ball
1-0: Ball
2-0: Swinging Strike
2-1: Foul Ball, location: 5F, Error on foul ball, E5
2-2: Ball
3-2: Base on Balls
Batting: RHB Jarod Henderson 0-0: Called Strike
0-1: Foul Ball, location: 2F
0-2: Strikes out looking
Top of the 5th over - 0 runs, 0 hits, 1 error, 1 left on base; San Francisco 2 - Bloomington 6
BOTTOM OF THE 5TH
Bloomington Cardinals batting - Pitching for San Francisco Seals : RHP Branden Larsen
Batting: RHB Chandler Frazee 0-0: Ball
1-0: Ball
2-0: Ball
3-0: Called Strike
3-1: Base on Balls
Batting: SHB Davin Baker 0-0: Ball
1-0: Foul Ball, location: 2F
1-1: Ball
2-1: Ball
3-1: Foul Ball, location: 2F
3-2: Base on Balls
Chandler Frazee to second
Batting: RHB Jaylen House 0-0: Ball
1-0: Swinging Strike
1-1: Ball
2-1: Ball
3-1: Foul Ball, location: 2F
3-2: Base on Balls
Chandler Frazee to third
Davin Baker to second
Batting: LHB Kendall Loflin 0-0: Foul Ball, location: 2F
0-1: Foul Ball, location: 2F
0-2: Ball
1-2: Ball
2-2: Foul Ball, location: 2F
2-2: Ball
3-2: Base on Balls
Chandler Frazee scores
Davin Baker to third
Jaylen House to second
Batting: SHB Weston Borron 0-0: Ball
1-0: Ball
2-0: Foul Ball, location: 2F
2-1: Ball
3-1: Base on Balls
Davin Baker scores
Jaylen House to third
Kendall Loflin to second
Pitching: LHP Bud Kouklakis
Batting: RHB Davey Eastman 0-0: Called Strike
0-1: Called Strike
0-2: SINGLE (Groundball, 4S, EV 65.0 MPH) (infield hit)
Jaylen House scores
Kendall Loflin to third
Weston Borron to second
Batting: RHB Mackey Tapia 0-0: SINGLE (Flyball, 89S, EV 91.2 MPH)
Kendall Loflin scores
Weston Borron to third
Davey Eastman to second
Runner from 3rd tries for Home, SAFE, throw by RF to home
Batting: RHB Marlon Anderson 0-0: Called Strike
0-1: Ball
1-1: Fly out, F9 (Flyball, 89M, EV 88.1 MPH)
Batting: LHB Brett Gesell 0-0: Foul Ball, location: 2F
0-1: Ball
1-1: Ball
2-1: Ball
3-1: Foul Ball, location: 2F
3-2: Fielders Choice at 2nd, 3-6 (Groundball, 3, EV 88.8 MPH)
Davey Eastman to third
Batting: RHB Chandler Frazee 0-0: Called Strike
0-1: Called Strike
0-2: Ball
1-2: Fly out, F5 (Popup, 5S, EV 78.8 MPH)
Bottom of the 5th over - 5 runs, 2 hits, 0 errors, 2 left on base; San Francisco 2 - Bloomington 11
TOP OF THE 6TH
San Francisco Seals batting - Pitching for Bloomington Cardinals : RHP Jovan Burrow
Batting: RHB Landon Dyer 0-0: Foul Ball, location: 2F
0-1: Fly out, F7 (Line Drive, 78M, EV 91.2 MPH)
Batting: LHB Kurtis Schell 0-0: Ball
1-0: Called Strike
1-1: SOLO HOME RUN (Flyball, 9LD, EV 93.8 MPH), Distance : 338 ft
Batting: LHB Walt Barefoot 0-0: Ball
1-0: Foul Ball, location: 2F
1-1: Ball
2-1: Called Strike
2-2: Ball
3-2: Base on Balls
Pitching: RHP Cordell Sigler
Batting: RHB Micah Elliott 0-0: Called Strike
0-1: Called Strike
0-2: Ball
1-2: Ball
2-2: Foul Ball, location: 2F
2-2: Foul Ball, location: 2F
2-2: Foul Ball, location: 2F
2-2: Hit by Pitch
Walt Barefoot to second
Batting: LHB Brian Kohman 0-0: Grounds into double play, 5-4-3 (Groundball, 56, EV 80.6 MPH)
Top of the 6th over - 1 run, 1 hit, 0 errors, 1 left on base; San Francisco 3 - Bloomington 11
BOTTOM OF THE 6TH
Bloomington Cardinals batting - Pitching for San Francisco Seals : LHP Bud Kouklakis
Batting: SHB Davin Baker 0-0: Ball
1-0: Ball
2-0: Foul Ball, location: 2F
2-1: Fly out, F7 (Flyball, 78S, EV 91.2 MPH)
Batting: RHB Jaylen House 0-0: Foul Ball, location: 2F
0-1: Foul Ball, location: 2F
0-2: Ball
1-2: Ball
2-2: Foul Ball, location: 2F
2-2: Ground out U3 (Groundball, 34, EV 79.4 MPH)
Batting: LHB Kendall Loflin 0-0: SINGLE (Line Drive, 6D, EV 99.4 MPH)
Batting: SHB Weston Borron 0-0: Called Strike
0-1: Ball
1-1: Ball
2-1: Foul Ball, location: 2F
2-2: Ball
3-2: Foul Ball, location: 2F
3-2: Base on Balls
Kendall Loflin to second
Batting: RHB Davey Eastman 0-0: Called Strike
0-1: Ball
1-1: Foul Ball, location: 2F
1-2: Ball
2-2: Strikes out swinging
Bottom of the 6th over - 0 runs, 1 hit, 0 errors, 2 left on base; San Francisco 3 - Bloomington 11
TOP OF THE 7TH
San Francisco Seals batting - Pitching for Bloomington Cardinals : RHP Cordell Sigler
Now at 2B: Mackey Tapia
Now at SS: Blayne Gillett
Batting: RHB Nic Muth 0-0: Ball
1-0: Fly out, F9 (Line Drive, 89M, EV 100.0 MPH)
Batting: RHB Cameron Allen 0-0: Foul Ball, location: 2F
0-1: Called Strike
0-2: Strikes out swinging
Pinch Hitting: RHB Justen Roman 0-0: Fly out, F8 (Flyball, 8LD, EV 98.1 MPH)
Top of the 7th over - 0 runs, 0 hits, 0 errors, 0 left on base; San Francisco 3 - Bloomington 11
BOTTOM OF THE 7TH
Bloomington Cardinals batting - Pitching for San Francisco Seals : LHP Bud Kouklakis
Now in LF: Justen Roman
Batting: RHB Mackey Tapia 0-0: Swinging Strike
0-1: Ground out 6-3 (Groundball, 6D, EV 101.2 MPH)
Batting: RHB Marlon Anderson 0-0: Ball
1-0: Ground out 6-3 (Groundball, 6MD, EV 100.6 MPH)
Batting: LHB Brett Gesell 0-0: Swinging Strike
0-1: Ball
1-1: Foul Ball, location: 2F
1-2: Fly out, F9 (Flyball, 9D, EV 80.6 MPH)
Bottom of the 7th over - 0 runs, 0 hits, 0 errors, 0 left on base; San Francisco 3 - Bloomington 11
TOP OF THE 8TH
San Francisco Seals batting - Pitching for Bloomington Cardinals : RHP Cordell Sigler
Batting: RHB Jarod Henderson 0-0: Ball
1-0: SINGLE (Groundball, 56D, EV 103.1 MPH)
Batting: RHB Landon Dyer 0-0: Ball
1-0: Called Strike
1-1: Ball
2-1: Called Strike
2-2: Ball
3-2: Fly out, F9 (Flyball, 89M, EV 90.6 MPH)
Pitching: LHP Wayland Pond
Batting: LHB Kurtis Schell 0-0: Ball
1-0: Called Strike
1-1: Grounds into double play, 4-6-3 (Groundball, 4, EV 83.8 MPH)
Top of the 8th over - 0 runs, 1 hit, 0 errors, 0 left on base; San Francisco 3 - Bloomington 11
BOTTOM OF THE 8TH
Bloomington Cardinals batting - Pitching for San Francisco Seals : LHP Bud Kouklakis
Batting: RHB Chandler Frazee 0-0: Ball
1-0: Called Strike
1-1: Foul Ball, location: 2F
1-2: Foul Ball, location: 2F
1-2: Ball
2-2: Ball
3-2: Base on Balls
Pitching: LHP Trevence Yang
Batting: SHB Davin Baker 0-0: Ball
1-0: Ball
2-0: Ball
3-0: Called Strike
3-1: Base on Balls
Chandler Frazee to second
Batting: RHB Jaylen House 0-0: Called Strike
0-1: Ball
1-1: Ball
2-1: Foul Ball, location: 2F
2-2: Ball
3-2: Strikes out swinging
Batting: LHB Kendall Loflin 0-0: Called Strike
0-1: Swinging Strike
0-2: Grounds into double play, 3-6-1 (Groundball, 3, EV 88.8 MPH)
Bottom of the 8th over - 0 runs, 0 hits, 0 errors, 1 left on base; San Francisco 3 - Bloomington 11
TOP OF THE 9TH
San Francisco Seals batting - Pitching for Bloomington Cardinals : LHP Wayland Pond
Batting: LHB Walt Barefoot 0-0: Ball
1-0: Ball
2-0: Ball
3-0: Base on Balls
Batting: RHB Micah Elliott 0-0: Ball
1-0: Fly out, F9 (Flyball, 9LS, EV 86.2 MPH)
Pinch Hitting: RHB Lee O'Connor 0-0: Called Strike
0-1: Swinging Strike
0-2: Ball
1-2: Ball
2-2: SINGLE (Flyball, 3D, EV 89.4 MPH)
Walt Barefoot to second
Pinch Hitting: RHB Colby Caudill 0-0: Ball
1-0: Reached on error, E6 (Groundball, 6S, EV 87.5 MPH)
Walt Barefoot to third
Lee O'Connor to second
Batting: RHB Cameron Allen 0-0: Foul Ball, location: 2F
0-1: Ball
1-1: Called Strike
1-2: Strikes out swinging
Batting: RHB Justen Roman 0-0: Swinging Strike
0-1: Ball
1-1: Fly out, F8 (Flyball, 8RD, EV 98.1 MPH)
Top of the 9th over - 0 runs, 1 hit, 1 error, 3 left on base; San Francisco 3 - Bloomington 11
Monday, April 29th , 2024 - OOTP Baseball 23.10 Build 110